 Dungeon Crawl Stone Soup version 0.19-a0-1907-gcff654f (webtiles) character file.

5875 motkustreak the Grappler (level 10, -8/91 HPs)
             Began as a Ghoul Monk on Oct 21, 2016.
             Was an Elder of Makhleb.
             Killed from afar by a gargoyle (26 damage)
             ... with a stone arrow
             ... on level 9 of the Dungeon.
             The game lasted 00:28:24 (7157 turns).

motkustreak the Grappler (Ghoul Monk)               Turns: 7157, Time: 00:28:24

Health: -8/91      AC:  8    Str: 19    XL:     10   Next: 81%
Magic:  13/13      EV: 11    Int:  5    God:    Makhleb [****..]
Gold:   685        SH: 14    Dex: 17    Spells: 0 memorised, 9 levels left

rFire  . . .     SeeInvis .       - Unarmed
rCold  + . .     Gourm    .     O - -2 ring mail (curse)
rNeg   + + +     Faith    .     K - +0 large shield
rPois  ∞         Spirit   .     B - +0 helmet
rElec  .         Reflect  .     U - +0 cloak
rCorr  .         Harm     .     L - +1 pair of gloves {Dex+3}
MR     .....                    (no boots)
Stlth  +++.......               (no amulet)
                                y - +3 ring of dexterity
                                R - +3 ring of evasion

@: rotting
A: rotting body, claws 1, carnivore 3, cold resistance 1, negative energy
resistance 3, slow regeneration 1, torment resistance, unbreathing
a: Minor Destruction, Lesser Servant of Makhleb, Major Destruction, Renounce
Religion


You were on level 9 of the Dungeon.
You worshipped Makhleb.
Makhleb was greatly pleased with you.
You were not hungry.

You visited 2 branches of the dungeon, and saw 10 of its levels.

You collected 685 gold pieces.

Inventory:

Hand Weapons
 s - a +2 short sword of speed
 I - a +0 whip of flaming
Missiles
 c - 226 stones (quivered)
Armour
 g - a +0 scale mail
 v - a +2 pair of gloves
 B - a +0 helmet (worn)
 K - a +0 large shield (worn)
 L - a +1 pair of gloves of dexterity (worn)
 O - a cursed -2 ring mail (worn)
 U - a +0 cloak (worn)
 X - a +0 troll leather armour
Magical Staves
 F - an uncursed staff of conjuration {unknown}
Jewellery
 r - an uncursed ring of resist corrosion
 y - a +3 ring of dexterity (right hand)
 R - a +3 ring of evasion (left hand)
Wands
 d - a wand of paralysis (6/24)
 p - a wand of acid (5/15)
 C - a wand of acid (9/15)
 W - a wand of iceblast (12/15)
Scrolls
 f - a scroll of magic mapping
 n - 2 scrolls of enchant armour
 o - 2 scrolls of recharging
 A - 2 scrolls of enchant weapon
 E - a scroll of amnesia
 G - 3 scrolls of blinking
 M - 2 scrolls of teleportation
 S - a scroll of random uselessness {unknown}
Potions
 a - a potion of cancellation
 e - 2 potions of lignification {unknown}
 i - 2 potions of haste {unknown}
 k - a potion of brilliance {unknown}
 l - 5 potions of degeneration
 m - 2 potions of flight {unknown}
 t - 2 potions of mutation {unknown}
 u - 2 potions of invisibility {unknown}
 w - 3 potions of agility
 z - 4 potions of curing
 J - a potion of might {unknown}
 Q - a potion of heal wounds {unknown}
Books
 x - a book of Conjurations

   Spells                             Type                      Level
   a - Magic Dart                     Conjuration                  1
   b - Searing Ray                    Conjuration                  2
   c - Dazzling Spray                 Conjuration/Hexes            3
   d - Fulminant Prism                Conjuration/Hexes            4
   e - Iskenderun's Mystic Blast      Conjuration                  4
   f - Iskenderun's Battlesphere      Conjuration/Charms           5
 D - a book of Necromancy

   Spells                             Type                      Level
   a - Pain                           Necromancy                   1
   b - Animate Skeleton               Necromancy                   1
   c - Vampiric Draining              Necromancy                   3
   d - Regeneration                   Charms/Necromancy            3
   e - Animate Dead                   Necromancy                   4
   f - Control Undead                 Necromancy                   4
 H - a book of Minor Magic

   Spells                             Type                      Level
   a - Magic Dart                     Conjuration                  1
   b - Blink                          Translocation                2
   c - Call Imp                       Summoning                    2
   d - Repel Missiles                 Charms/Air                   2
   e - Slow                           Hexes                        2
   f - Conjure Flame                  Conjuration/Fire             3
   g - Mephitic Cloud                 Conjuration/Poison/Air       3
 V - a book of Flames

   Spells                             Type                      Level
   a - Flame Tongue                   Conjuration/Fire             1
   b - Throw Flame                    Conjuration/Fire             2
   c - Conjure Flame                  Conjuration/Fire             3
   d - Inner Flame                    Hexes/Fire                   3
   e - Sticky Flame                   Conjuration/Fire             4
   f - Fireball                       Conjuration/Fire             5
Comestibles
 b - 3 meat rations
 h - 2 royal jellies
 j - 3 chunks of flesh
 N - 2 beef jerkies
 P - 7 slices of pizza


   Skills:
 + Level 9.3 Fighting
 + Level 3.6 Armour
 - Level 2.6 Dodging
 + Level 5.7 Stealth
 + Level 3.8 Shields
 + Level 11.3 Unarmed Combat
 - Level 6.0 Invocations


You had 9 spell levels left.
You didn't know any spells.

Dungeon Overview and Level Annotations

Branches:
Dungeon (9/15)             Temple (1/1) D:4
   Lair: D:8-11         Orc: D:9-12

Altars:
Ashenzari
Cheibriados
Dithmenos
Elyvilon
Fedhas
Gozag
Hepliaklqana
Kikubaaqudgha
Makhleb
Nemelex Xobeh
Okawaru
Qazlal
Ru
Sif Muna
Trog
Uskayaw
Vehumet
Xom
Yredelemnul
Zin
The Shining One

Shops:
D:8 [


Innate Abilities, Weirdness & Mutations

Your body is rotting away.
You thrive on raw meat.
You are immune to poison.
You have sharp fingernails.
You are carnivorous and can eat meat at any time.
Your flesh is cold resistant. (rC+)
You are immune to negative energy. (rN+++)
You regenerate slowly when monsters are visible.
You are immune to unholy pain and torment.
You can survive without breathing.


Message History

The gargoyle is severely damaged.
You block the gargoyle's attack.
You hit the gargoyle but do no damage.
The gargoyle is severely damaged.
The gargoyle hurls a stone arrow at you.
You block the stone arrow.
You hit the gargoyle.
The gargoyle is almost destroyed.
The gargoyle hurls a stone arrow at you.
You block the stone arrow.
You hit the gargoyle but do no damage.
The gargoyle is almost destroyed.
The gargoyle hurls a stone arrow at you.
The stone arrow hits you!
* * * LOW HITPOINT WARNING * * *
Eat one of 3 chunks of flesh? (ye/n/q)
You start eating one of the 3 chunks of flesh.
The gargoyle hurls a stone arrow at you.
The stone arrow hits you!
You die...

.......#
##...##
#........#
######.# ##'##
####.##### #.#
#.# #.# #.#
##.## #.#
##...## #.#
##.....### ..#
#........###.#
###
#.##...@.....#
......#.#9#####
###.?<.....#
####.##### #. #


You could see a gargoyle.

Vanquished Creatures
  Erica (D:9)
  Pikel (D:4)
  A troll (D:9)
  A two-headed ogre (D:8)
  Prince Ribbit (D:6)
  Eustachio (D:4)
  A hungry ghost (D:7)
  A human (D:7)
  4 hogs (D:7)
  A water moccasin (D:8)
  A sky beast (D:8)
  2 orc warriors
  A black bear (D:6)
  3 ice beasts
  3 slaves
  4 ogres
  A centaur (D:7)
  A big kobold (D:7)
  2 bullfrogs
  A gnoll sergeant (D:7)
  A water moccasin skeleton (D:6)
  3 scorpions
  4 wights (D:6)
  4 howler monkeys
  6 crimson imps
  7 hounds
  A jelly (D:6)
  7 orc priests
  2 bullfrog skeletons
  6 orc wizards
  3 iguanas
  2 worker ants
  A killer bee zombie (D:7)
  2 worker ant zombies (D:5)
  4 gnolls (D:7)
  10 adders
  A howler monkey skeleton (D:7)
  A shadow imp (D:7)
  An ooze (D:1)
  An adder zombie (D:5)
  2 worms
  7 dart slugs
  6 leopard geckos
  25 orcs
  3 bats
  4 giant cockroaches
  14 hobgoblins
  2 jackals (D:2)
  3 quokkas (D:5)
  A ball python (D:1)
  6 frilled lizards
  8 goblins
  12 kobolds
  A leopard gecko skeleton (D:8)
  8 rats
201 creatures vanquished.

Vanquished Creatures (others)
  A kobold (D:2)
1 creature vanquished.

Grand Total: 202 creatures vanquished

Notes
Turn   | Place    | Note
-------+----------+-------------------------------------------
     0 | D:1      | motkustreak the Ghoul Monk began the quest for the Orb.
     0 | D:1      | Reached XP level 1. HP: 19/19 MP: 0/0
   133 | D:1      | Reached XP level 2. HP: 22/26 MP: 1/1
   467 | D:1      | Reached skill level 4 in Unarmed Combat
   471 | D:1      | Reached XP level 3. HP: 18/33 MP: 2/2
   902 | D:2      | Found a faded altar of an unknown god.
   902 | D:2      | Found a faded altar of an unknown god.
   907 | D:2      | Found a radiant altar of Vehumet.
   911 | D:2      | Found a basalt altar of Yredelemnul.
   912 | D:2      | Found a glowing golden altar of the Shining One.
  1198 | D:2      | Reached XP level 4. HP: 35/40 MP: 3/3
  1590 | D:3      | Reached skill level 5 in Unarmed Combat
  1590 | D:3      | Reached XP level 5. HP: 15/47 MP: 4/4
  1685 | D:3      | Found a faded altar of an unknown god.
  2213 | D:4      | Found a staircase to the Ecumenical Temple.
  2223 | Temple   | Entered the Ecumenical Temple
  2297 | Temple   | Became a worshipper of Makhleb the Destroyer
  2297 | Temple   | Reached * piety under Makhleb
  2297 | Temple   | Reached ** piety under Makhleb
  2339 | D:5      | Entered Level 5 of the Dungeon
  2598 | D:4      | Noticed Eustachio
  2662 | D:4      | Killed Eustachio
  2662 | D:4      | Reached skill level 5 in Fighting
  2662 | D:4      | Reached skill level 6 in Unarmed Combat
  2662 | D:4      | Reached skill level 1 in Invocations
  2662 | D:4      | Reached XP level 6. HP: 32/55 MP: 4/6
  2682 | D:4      | Found a snail-covered altar of Cheibriados.
  2710 | D:4      | Noticed a slave
  2756 | D:4      | Killed a slave
  2783 | D:4      | Noticed a slave
  2794 | D:4      | Noticed a slave
  2827 | D:3      | Killed a slave
  3301 | D:5      | Reached XP level 7. HP: 61/61 MP: 7/7
  3588 | D:6      | Reached skill level 7 in Unarmed Combat
  3779 | D:6      | Reached XP level 8. HP: 70/70 MP: 9/9
  3811 | D:6      | Reached skill level 8 in Unarmed Combat
  3887 | D:6      | Reached *** piety under Makhleb
  3928 | D:6      | Found a shattered altar of Ashenzari.
  4028 | D:6      | Noticed Prince Ribbit
  4088 | D:4      | Noticed Pikel
  4106 | D:4      | Killed Pikel
  4106 | D:4      | Reached skill level 9 in Unarmed Combat
  4106 | D:4      | Reached skill level 5 in Invocations
  4106 | D:4      | Reached XP level 9. HP: 73/78 MP: 11/11
  4337 | D:6      | Killed Prince Ribbit
  4686 | D:7      | Reached skill level 10 in Unarmed Combat
  4965 | D:7      | Reached skill level 1 in Armour
  4965 | D:7      | Reached skill level 1 in Shields
  5064 | D:7      | Reached **** piety under Makhleb
  5597 | D:7      | Reached XP level 10. HP: 67/90 MP: 13/13
  6003 | D:8      | Found Foasyid's Armour Shoppe.
  6087 | D:8      | Found a stormy altar of Qazlal.
  6234 | D:8      | Reached skill level 11 in Unarmed Combat
  6246 | D:8      | Found an opulent altar of Gozag.
  6247 | D:8      | Found a sparkling altar of Nemelex Xobeh.
  6253 | D:8      | Found an opulent altar of Gozag.
  6722 | D:9      | Reached skill level 5 in Stealth
  6980 | D:9      | Noticed Erica
  6998 | D:9      | Killed Erica
  7135 | D:9      | Noticed a gargoyle
  7157 | D:9      | Killed from afar by a gargoyle

Vault maps used:
D:1:      dpeg_arrival_three_same_balls, st_stairs_6
D:2:      chequers_temple_overflow_minitemple, grunt_ministairs_1
D:3:      ecumenical_altar_1
D:4:      cheibriados_altar_1, uniq_pikel, uniq_eustachio
D:5:      first_bread, grunt_tough_drop
D:6:      cheibrodos_ashenzari_chains, uniq_prince_ribbit1
D:7:      kennysheep_housing_project, grunt_livestock, minivault_23
D:8:      nemelex_xobeh_ov_fountains_minmay, kennysheep_little_box,
          nicolae_gozag_cash_rules_everything_around_me, serial_shops,
          shop_fountains, basic_altar
D:9:      uniq_erica
Temple:   dshaligram_water_room_temple

Skill      XL: |  1  2  3  4  5  6  7  8  9 10 |
---------------+-------------------------------+-----
Unarmed Combat | 4 5 6 7 9 10 11 | 11.3
Fighting       | 4 5 6 7 8 9 |  9.3
Invocations    | 1 2 3 5 6 |  6.0
Armour         | 2 3 |  3.6
Shields        | 1 3 |  3.8
Stealth        | 3 5 |  5.7
Dodging        | |  2.6

Action                   |  1- 3 |  4- 6 |  7- 9 | 10-12 || total
-------------------------+-------+-------+-------+-------++-------
Melee: Unarmed           |   103 |   274 |   340 |   217 ||   934
       Punch             |     2 |     7 |     1 |       ||    10
Throw: Stone             |       |     6 |     8 |     5 ||    19
Evoke: Wand              |       |       |    14 |       ||    14
  Use: Scroll            |       |     4 |     7 |     4 ||    15
 Stab: Sleeping          |       |     2 |       |     5 ||     7
       Paralysed         |       |       |    17 |       ||    17
       Distracted        |       |       |     1 |       ||     1
  Eat: Chunk             |     7 |    18 |     9 |    12 ||    46
Armor: Robe              |    12 |       |       |       ||    12
       Ring mail         |    17 |   117 |    35 |    40 ||   209
       Scale mail        |       |       |    68 |       ||    68
Dodge: Dodged            |    50 |   150 |    72 |    26 ||   298
Block: Shield            |       |       |    18 |       ||    18
       Large shield      |       |       |   146 |   113 ||   259
